 Dungeon Crawl Stone Soup version 0.29.1-13-g9f3cf754e1 (webtiles) character file.

Game seed: 12770736292919628424

235 raph the Grave Robber (level 6, -5/41 HPs)
             Began as a Human Necromancer on Feb 11, 2023.
             Killed from afar by a kobold brigand (17 damage)
             ... with a bolt of dispelling energy
             ... on level 3 of the Dungeon.
             The game lasted 00:06:08 (3920 turns).

raph the Grave Robber (Human Necromancer)           Turns: 3920, Time: 00:06:08

Health: -5/41      AC:  4    Str:  8    XL:     6   Next: 26%
Magic:  1/9        EV: 11    Int: 18    God:
Gold:   129        SH:  5    Dex: 13    Spells: 1/9 levels left

rFire   . . .      SeeInvis +   g - +1 short sword (vamp)
rCold   . . .      Faith    .   f - +2 buckler of the Realm of Zot {rElec rPois}
rNeg    . . .      Spirit   .   a - +0 robe
rPois   +          Reflect  .   (no helmet)
rElec   +          Harm     .   (no cloak)
rCorr   .          Rampage  .   j - +1 pair of gloves
Will    .....                   (no boots)
Stlth   ++........              (no amulet)
HPRegen 0.13/turn               p - ring of see invisible
MPRegen 0.11/turn               (no ring)

@: no status effects
A: no striking features
a: no special abilities


You were on level 3 of the Dungeon.
You visited 1 branch of the dungeon, and saw 3 of its levels.

You collected 129 gold pieces.

Inventory:

Hand Weapons
 d - a +0 spear
 g - a +1 vampiric short sword (weapon)
Armour
 a - a +0 robe (worn)
 f - the +2 buckler of the Realm of Zot (worn) {rElec rPois}
   (You acquired it on level 2 of the Dungeon)

   rElec:     It insulates you from electricity.
   rPois:     It protects you from poison.
 j - a +1 pair of gloves (worn)
Jewellery
 p - a ring of see invisible (left hand)
Potions
 b - 2 potions of magic
 c - a potion of curing {unknown}
 e - a potion of might {unknown}
 k - a potion of berserk rage {unknown}
 l - 2 potions of attraction {unknown}
 m - a potion of resistance {unknown}
 n - a potion of ambrosia {unknown}
 o - a potion of brilliance {unknown}
 q - a potion of degeneration {unknown}


   Skills:
 - Level 2.0 Dodging
 - Level 2.0 Stealth
 - Level 2.0 Spellcasting
 + Level 7.1 Necromancy


You had one spell level left.
You knew the following spells:

 Your Spells              Type           Power      Damage    Failure   Level
a - Necrotise             Necr           100%       1d9       1%          1
b - Vampiric Draining     Necr           27%        2d7       4%          3
c - Animate Dead          Necr           27%        N/A       13%         4

Your spell library contained the following spells:

 Spells                   Type           Power      Damage    Failure   Level
 Apportation              Tloc           2%         N/A       24%         1
 Poisonous Vapours        Pois/Air       2%         N/A       36%         2
 Agony                    Necr           27%        N/A       36%         5
 Call Canine Familiar     Summ           1%         N/A       58%         3
 Ignite Poison            Fire/Tmut/Pois 1%         N/A       58%         3
 Mephitic Cloud           Conj/Pois/Air  1%         N/A       58%         3
 Portal Projectile        Hex/Tloc       2%         N/A       58%         3
 Corpse Rot               Necr/Pois/Air  10%        N/A       67%         4
 Leda's Liquefaction      Hex/Erth       0%         N/A       94%         4
 Alistair's Intoxication  Tmut/Pois      0%         N/A       100%        5
 Freezing Cloud           Conj/Ice/Air   0%         6-21      100%        5


Dungeon Overview and Level Annotations

Branches:
Dungeon (3/15)

Altars:


Message History

The kobold brigand shouts!
The kobold brigand writhes in agony.
Aiming: Necrotise (safe; 1% risk of failure)
Press: ? - help, Q - select action, (/) - cycle Shift-Dir - straight line, f/p - kobold brigand
Aim: a kobold brigand, wielding a +0 morningstar, quivering curare-tipped darts and carrying a wand of quicksilver (14) (lightly wounded, chance to affect: 83%)
The kobold brigand barely resists.
Aiming: Necrotise (safe; 1% risk of failure)
Press: ? - help, Q - select action, (/) - cycle Shift-Dir - straight line, f/p - kobold brigand
Aim: a kobold brigand, wielding a +0 morningstar, quivering curare-tipped darts and carrying a wand of quicksilver (14) (lightly wounded, chance to affect: 83%)
The kobold brigand writhes in agony.
The kobold brigand zaps a wand.
The bolt of dispelling energy misses you.
Casting: Necrotise (safe; 1% risk of failure)
Confirm with . or Enter, or press ? or * to list all spells.
Aiming: Vampiric Draining (dangerous; 4% risk of failure)
Press: ? - help, Shift-Dir - straight line, f/p - kobold brigand
Aim: a kobold brigand, wielding a +0 morningstar, quivering curare-tipped darts and carrying a wand of quicksilver (13) (moderately wounded)
You draw life force from the kobold brigand.
The kobold brigand hits you with a +0 morningstar.
Casting: Vampiric Draining (dangerous; 4% risk of failure)
Confirm with . or Enter, or press ? or * to list all spells.
Aiming: Vampiric Draining (dangerous; 4% risk of failure)
Press: ? - help, Shift-Dir - straight line, f/p - kobold brigand
Aim: a kobold brigand, wielding a +0 morningstar, quivering curare-tipped darts and carrying a wand of quicksilver (13) (heavily wounded)
You draw life force from the kobold brigand!
You feel life coursing into your body.
The kobold brigand zaps a wand.
The bolt of dispelling energy hits you!
You don't have enough magic to cast this spell.
You closely miss the kobold brigand.
The kobold brigand is severely wounded.
You block the kobold brigand's attack.
You hit the kobold brigand.
The kobold brigand is almost dead.
The kobold brigand hits you with a +0 morningstar.
The kobold brigand zaps a wand.
The bolt of dispelling energy hits you!
* * * LOW HITPOINT WARNING * * *
You hit the kobold brigand.
You feel better.
The kobold brigand is almost dead.
The kobold brigand zaps a wand.
The bolt of dispelling energy hits you!
You die...

....###########.#,,#.......#
#...............#..#.....#.#
#.#.#########.###.,#~#####.#
#.#.## ##..##..##~## #.#
#.#..# ##..###..#~~~# #.#
#.##.# ##..###..##≈~~# #.#
#.##.# #..## #..#≈≈~~# #.#
#.##.####.## #)K##≈~~# #.#
#.##......# ##@.#~~~# #.#
#.######..## #.)#~~## #.#
#.# #..># #..#~## #.#
#'######...# **#..#~# #.#
.......###.# #~#..### #.#
.......###.# #~##..# ###.#
.......'.#.# #~~#..## #...#
.......#.#.###~~##..# #.###
.......#.#.##~~~≈#))# #.#


You could see a kobold brigand.

Vanquished Creatures
  A kobold brigand (D:3)
  Natasha (twice) (D:2)
  3 adders
  A worm (D:2)
  6 ball pythons
  3 bats
  8 endoplasms
  4 giant cockroaches
  4 goblins
  5 hobgoblins
  12 jackals
  17 kobolds
  3 quokkas
  A frilled lizard (D:1)
  3 rats
73 creatures vanquished.

Vanquished Creatures (collateral kills)
  A giant cockroach (D:1)
  A goblin (D:1)
  A ball python (D:1)
  A rat (D:2)
4 creatures vanquished.

Vanquished Creatures (others)
  11 plants (D:2)
11 creatures vanquished.

Grand Total: 88 creatures vanquished

Notes
Turn   | Place    | Note
-------+----------+-------------------------------------------
     0 | D:1      | raph the Human Necromancer began the quest for the Orb.
     0 | D:1      | Reached XP level 1. HP: 13/13 MP: 3/3
   404 | D:1      | Reached XP level 2. HP: 19/19 MP: 0/5
  1059 | D:1      | Reached XP level 3. HP: 22/24 MP: 3/6
  1173 | D:1      | Reached skill level 5 in Necromancy
  1359 | D:1      | Found a faded altar of an unknown god.
  1657 | D:2      | Learned a level 3 spell: Vampiric Draining
  1775 | D:2      | Reached XP level 4. HP: 24/30 MP: 0/7
  1891 | D:2      | Identified a scroll of acquirement
  1891 | D:2      | Acquired the +2 buckler of the Realm of Zot {rElec rPois}
  2322 | D:2      | Noticed Natasha
  2327 | D:2      | Killed Natasha
  2328 | D:2      | Reached skill level 6 in Necromancy
  2328 | D:2      | Reached XP level 5. HP: 35/35 MP: 1/8
  2754 | D:2      | Noticed Natasha
  2760 | D:2      | Killed Natasha
  2880 | D:3      | Learned a level 4 spell: Animate Dead
  3461 | D:3      | Noticed a kobold brigand
  3487 | D:3      | Killed a kobold brigand
  3488 | D:3      | Reached skill level 7 in Necromancy
  3488 | D:3      | Reached XP level 6. HP: 41/41 MP: 3/9
  3920 | D:3      | Killed from afar by a kobold brigand

Illustrated notes

Levels and vault maps discovered:
D:1:      minmay_arrival_cross, layout_basic,
          shapermc_ecumenical_altar_mp_highgroup
D:2:      minmay_evil_eye, layout_rooms, serial_forest,
          infiniplex_forest_clump_cross, infiniplex_forest_lined_ring,
          infiniplex_forest_corner_1, infiniplex_forest_clump_C,
          infiniplex_forest_lined_corner, infiniplex_forest_end_2,
          infiniplex_forest_straight_4, infiniplex_forest_straight_2,
          infiniplex_forest_clump_long, uniq_natasha
D:3:      cheibrodos_thug_alley, layout_basic

Skill      XL: |  1  2  3  4  5 |
---------------+----------------+-----
Necromancy     | 5 6 7 |  7.1
Dodging        | |  2.0
Stealth        | |  2.0
Spellcasting   | |  2.0

Action                   |  1- 3 |  4- 6 || total
-------------------------+-------+-------++-------
Melee: Spear             |     3 |       ||     3
       Short sword       |    10 |    25 ||    35
 Cast: Necrotise         |    57 |    68 ||   125
       Vampiric Draining |       |     4 ||     4
  Use: Scroll            |       |     9 ||     9
 Stab: Sleeping          |     1 |     1 ||     2
       Distracted        |       |     1 ||     1
Armor: Robe              |     5 |    10 ||    15
Dodge: Dodged            |    17 |    27 ||    44
Block: Buckler           |       |    13 ||    13
